 Dungeon Sprint DCSS version 0.19.5 (webtiles) character file.

3200000 Cecillian the Middleweight Champion (level 20, -1/197 HPs)
             Began as a Demonspawn Gladiator on May 8, 2017.
             Was a High Priest of Makhleb.
             Slain by The Servant
             ... wielding a +9 glaive of flaming
              (14 damage)
             ... in the Dungeon (Sprint VIII: "Arena of Blood").
             The game lasted 00:02:24 (32 turns).

Cecillian the Middleweight Champion (DsGl)            Turns: 32, Time: 00:02:25

Health: -1/197     AC: 11    Str: 18    XL:     20   Next: 51%
Magic:  20/20      EV: 41    Int: 13    God:    Makhleb [*****.]
Gold:   0          SH:  0    Dex: 22    Spells: 0 memorised, 19 levels left

rFire  . . .     SeeInvis .     k - +∞ Axe of Woe
rCold  . . .     Gourm    .     a - +0 leather armour
rNeg   . . .     Faith    .     (shield currently unavailable)
rPois  .         Spirit   .     b - +0 helmet
rElec  .         Reflect  .     (no cloak)
rCorr  +         Harm     .     (no gloves)
MR     +....     NoTele   +     (boots unavailable)
Stlth  ++++++++++               (no amulet)
                                (no ring)
                                (no ring)

@: agile
A: talons 3, yellow scales 3, nightstalker 2, powered by pain 2
a: Minor Destruction, Lesser Servant of Makhleb, Major Destruction, Greater
Servant of Makhleb, Renounce Religion


You were in the Dungeon.
You worshipped Makhleb.
Makhleb was extremely pleased with you.
You were not hungry.

You visited 1 branch

Inventory:

Hand Weapons
 k - the +∞ Axe of Woe (weapon)
   (You found it in the Dungeon)
Missiles
 c - 3 throwing nets (quivered)
Armour
 a - a +0 leather armour (worn)
 b - a +0 helmet (worn)
Jewellery
 l - a +30 ring of slaying
 m - a +30 ring of slaying
Scrolls
 j - a scroll of blinking
Potions
 e - a potion of curing
 f - a potion of heal wounds
 g - a potion of haste
 h - 2 potions of magic
 i - a potion of berserk rage
Comestibles
 d - a bread ration


   Skills:
 O Level 27 Fighting
 O Level 27 Axes
 O Level 27 Throwing
 + Level 21.0 Armour
 O Level 27 Dodging
 + Level 21.6 Stealth
 O Level 27 Unarmed Combat


You had 19 spell levels left.
You didn't know any spells.

Dungeon Overview and Level Annotations

Branches:
Dungeon (1/1)

Altars:
Makhleb

Annotations:
D The Servant


Innate Abilities, Weirdness & Mutations

You have claws for feet.
You are completely covered in yellow scales. (AC +4, rCorr)
You are significantly more attuned to the shadows.
You sometimes gain power by taking damage.


Message History

The zap hits the large bag of meat.
The large bag of meat is lightly wounded.
The zap hits the bag of meat.
The bag of meat is lightly wounded.
You hear a shout! x2
The meat berserker hits you with a +9 battleaxe!!
You focus on the pain.
You feel agile all of a sudden.
The meat berserker hits you with a +9 battleaxe!!!
The destroyer blinks!
You hear a shout! x2
The meat berserker moves out of view.
You hear a shout!
The Servant hits you from afar with a +9 glaive of flaming!!!!
Ouch! That really hurt!
* * * LOW HITPOINT WARNING * * *
You focus on the pain.
You feel more agile all of a sudden. The Servant burns you!
You die...

#.. ..# .###..
..###.
......###......
.#.§......_.....
...ooCo#.....#
...C...#_)<)_# .
....@V.#))...#....
.#...Oo)))_)...C..
.....@O).###......
....###.o.....###.
.V. #.......# oo
#.......# .
....C....
.....o.....
........


You could see The Servant, 2 destroyers, 3 large bags of meat, 2 meat berserkers
and 7 bags of meat.

Vanquished Creatures
  9 ogres (D)
  10 orcs (D)
19 creatures vanquished.

Notes
Turn   | Place    | Note
-------+----------+-------------------------------------------
     0 | D        | Cecillian the Demonspawn Gladiator began the quest for the Orb.
     0 | D        | Reached XP level 1. HP: 16/16 MP: 1/1
     3 | D        | Noticed a bag of meat
     4 | D        | Became a worshipper of Makhleb the Destroyer
     5 | D        | Noticed a bag of meat
     5 | D        | Noticed a bag of meat
     5 | D        | Noticed a bag of meat
     7 | D        | Noticed a meat berserker
     8 | D        | Killed a bag of meat
     8 | D        | Reached skill level 10 in Fighting
     8 | D        | Gained mutation: You have sharp toenails. [demonic ancestry]
     8 | D        | Reached XP level 2. HP: 36/36 MP: 2/2
     8 | D        | Reached XP level 3. HP: 42/42 MP: 3/3
     8 | D        | Reached XP level 4. HP: 48/48 MP: 4/4
     8 | D        | Gained mutation: You have razor-sharp toenails. [demonic ancestry]
     8 | D        | Reached XP level 5. HP: 54/54 MP: 5/5
     8 | D        | Reached XP level 6. HP: 61/61 MP: 6/6
     8 | D        | Gained mutation: You are partially covered in yellow scales. (AC +2) [demonic ancestry]
     8 | D        | Reached XP level 7. HP: 67/67 MP: 7/7
     8 | D        | Reached XP level 8. HP: 73/73 MP: 8/8
     8 | D        | Reached XP level 9. HP: 79/79 MP: 9/9
     8 | D        | Reached XP level 10. HP: 86/86 MP: 10/10
     8 | D        | Reached XP level 11. HP: 92/92 MP: 11/11
     9 | D        | Noticed a meat berserker
     9 | D        | Killed a meat berserker
     9 | D        | Reached * piety under Makhleb
     9 | D        | Gained mutation: You are slightly more attuned to the shadows. [demonic ancestry]
     9 | D        | Reached XP level 12. HP: 86/103 MP: 12/12
     9 | D        | Gained mutation: You sometimes gain a little power by taking damage. [demonic ancestry]
     9 | D        | Reached XP level 13. HP: 91/109 MP: 13/13
     9 | D        | Killed a bag of meat
     9 | D        | Reached skill level 1 in Axes
     9 | D        | Reached XP level 14. HP: 100/119 MP: 14/14
     9 | D        | Killed a bag of meat
    10 | D        | Noticed a meat berserker
    10 | D        | Killed a bag of meat
    10 | D        | Reached ** piety under Makhleb
    10 | D        | Reached skill level 15 in Fighting
    10 | D        | Reached skill level 5 in Axes
    10 | D        | Reached skill level 1 in Armour
    10 | D        | Gained mutation: You are significantly more attuned to the shadows. [demonic ancestry]
    10 | D        | Reached XP level 15. HP: 104/129 MP: 15/15
    10 | D        | Killed a meat berserker
    12 | D        | Noticed a meat berserker
    12 | D        | Killed a meat berserker
    12 | D        | Reached skill level 10 in Axes
    12 | D        | Reached skill level 15 in Throwing
    12 | D        | Gained mutation: You have claws for feet. [demonic ancestry]
    12 | D        | Reached XP level 16. HP: 142/142 MP: 16/16
    14 | D        | Killed a meat berserker
    14 | D        | Reached *** piety under Makhleb
    14 | D        | Reached skill level 27 in Dodging
    14 | D        | Reached skill level 27 in Unarmed Combat
    14 | D        | Gained mutation: You are mostly covered in yellow scales. (AC +3) [demonic ancestry]
    14 | D        | Reached XP level 17. HP: 154/154 MP: 17/17
    15 | D        | Noticed a meat berserker
    16 | D        | Killed a meat berserker
    20 | D        | Reached **** piety under Makhleb
    20 | D        | Gained mutation: You are completely covered in yellow scales. (AC +4, rCorr) [demonic ancestry]
    20 | D        | Reached XP level 18. HP: 172/172 MP: 18/18
    22 | D        | Noticed a meat berserker
    22 | D        | Reached skill level 5 in Stealth
    23 | D        | Noticed a meat berserker
    23 | D        | Noticed a large bag of meat
    25 | D        | Noticed a meat berserker
    26 | D        | Noticed a meat berserker
    26 | D        | Noticed a meat berserker
    26 | D        | Killed a meat berserker
    26 | D        | Reached ***** piety under Makhleb
    26 | D        | Reached skill level 27 in Fighting
    26 | D        | Reached skill level 10 in Armour
    26 | D        | Gained mutation: You sometimes gain power by taking damage. [demonic ancestry]
    26 | D        | Reached XP level 19. HP: 189/189 MP: 19/19
    26 | D        | Killed a meat berserker
    26 | D        | Reached skill level 27 in Axes
    27 | D        | Noticed a destroyer
    27 | D        | Killed a meat berserker
    27 | D        | Reached skill level 27 in Throwing
    27 | D        | Reached skill level 15 in Armour
    27 | D        | Reached skill level 15 in Stealth
    27 | D        | Reached XP level 20. HP: 197/197 MP: 20/20
    28 | D        | Noticed a meat berserker
    28 | D        | Noticed The Servant
    30 | D        | Killed a meat berserker
    32 | D        | Noticed a meat berserker
    32 | D        | Noticed a destroyer
    32 | D        | Slain by The Servant

Skill      XL: |  1  2  3  4  5  6  7  8  9 10 11 12 13 14 15 16 17 18 19 20 |
---------------+-------------------------------------------------------------+-----
Fighting       | 10 12 13 15 17 19 23 27 | 27.0
Throwing       | 9 11 12 13 15 17 20 22 27 | 27.0
Dodging        | 16 20 21 23 26 27 | 27.0
Unarmed Combat | 16 20 21 23 26 27 | 27.0
Axes           | 1 5 10 14 20 26 27 | 27.0
Armour         | 1 3 4 7 10 15 21 | 21.0
Stealth        | 4 7 15 21 | 21.6

Action                   |  1- 3 |  4- 6 |  7- 9 | 10-12 | 13-15 | 16-18 | 19-21 || total
-------------------------+-------+-------+-------+-------+-------+-------+-------++-------
Melee: Executioner's axe |     1 |       |       |     1 |     2 |     7 |     2 ||    13
Invok: Minor Destruction |       |       |       |       |       |       |     1 ||     1
